 Dungeon Sprint DCSS version 0.27-a0-1590-g15f69828bf (webtiles) character file.

Game seed: 6181835459463231789

144 mhtbhm the Shield-Bearer (level 5, -5/36 HPs)
             Began as a Gargoyle Fighter on July 18, 2021.
             Was a Follower of Qazlal.
             Slain by a +0 glaive of protection (14 damage)
             ... in the Dungeon (Sprint V: "Ziggurat Sprint").
             The game lasted 00:01:21 (151 turns).

mhtbhm the Shield-Bearer (Gargoyle Fighter)          Turns: 151, Time: 00:01:23

Health: -5/36      AC: 34    Str: 32      XL:     5   Next: 26%
Magic:  7/7        EV:  1    Int:  9      God:    Qazlal [*.....]
Gold:   0          SH: 31    Dex:  8 (9)  Spells: 4/4 levels left

rFire    + . .     SeeInvis .   a - +8 lance "Wyrmbane" {slay drac, rPois rF+ rC+ AC+3}
rCold    + . .     Faith    .   c - +18 shield of the Gong {rElec rN+ Will+ EV-5}
rNeg     + + .     Spirit   .   b - +15 Maxwell's patent armour {-Cast -Tele rElec Will+ rCorr}
rPois    ∞         Reflect  .   (no helmet)
rElec    +         Harm     .   (no cloak)
rCorr    +         Rampage  .   (no gloves)
Will     ++...     NoTele   +   (no boots) Stlth ..........NoCast +
                                (no amulet)
HPRegen  0.12/turn              B - +6 ring of strength
MPRegen  0.10/turn              C - +6 ring of strength

@: no status effects
A: sickness immunity, AC +4, negative energy resistance 1, electricity
resistance, torment resistance 1, petrification resistance
a: Renounce Religion


You were in the Dungeon.
You worshipped Qazlal.
Qazlal was aware of your devotion.
You visited 1 branch

Inventory:

Hand Weapons
 a - the +8 lance "Wyrmbane" (weapon) {slay drac, rPois rF+ rC+ AC+3}
   (You found it in the Dungeon)

   It inflicts extra damage against dragons and draconians.
   AC:        It affects your AC (+3).
   rF:        It protects you from fire.
   rC:        It protects you from cold.
   rPois:     It protects you from poison.
Armour
 b - the +15 Maxwell's patent armour (worn) {-Cast -Tele rElec Will+ rCorr}
   (You found it in the Dungeon)

   rElec:     It insulates you from electricity.
   -Cast:     It prevents spellcasting.
   -Tele:     It prevents most forms of teleportation.
   rCorr:     It protects you from acid and corrosion.
   Will:      It increases your willpower.
 c - the +18 shield of the Gong (worn) {rElec rN+ Will+ EV-5}
   (You found it in the Dungeon)

   It is deafeningly noisy when blocking attacks.
   EV:        It affects your evasion (-5).
   rElec:     It insulates you from electricity.
   rN:        It protects you from negative energy.
   Will:      It increases your willpower.
Jewellery
 B - a +6 ring of strength (left hand)
 C - a +6 ring of strength (right hand)
Wands
 t - a wand of mindburst (7)
 u - a wand of iceblast (5)
 v - a wand of acid (3)
Scrolls
 j - 4 scrolls of blinking
 o - 4 scrolls of amnesia
 p - 7 scrolls of fog
 q - a scroll of holy word
 r - 5 scrolls of identify
 s - 2 scrolls of fear
Potions
 d - 6 potions of might
 e - 9 potions of curing
 f - 9 potions of heal wounds
 g - 6 potions of haste
 h - 7 potions of magic
 i - 3 potions of berserk rage
 k - 2 potions of brilliance
 l - 2 potions of invisibility
 m - 4 potions of resistance
 n - a potion of experience


   Skills:
 + Level 6.1 Fighting
 + Level 2.8 Polearms
 + Level 6.3 Armour
 * Level 7.3 Shields
 * Level 3.4 Invocations
 + Level 1.0 Evocations


You had 4 spell levels left.
You didn't know any spells.
Your spell library was empty.

Dungeon Overview and Level Annotations

Branches:
Dungeon (1/1)

Altars:
Ashenzari
Cheibriados
Dithmenos
Elyvilon
Fedhas
Gozag
Hepliaklqana
Kikubaaqudgha
Makhleb
Nemelex Xobeh
Okawaru
Qazlal
Ru
Sif Muna
Trog
Uskayaw
Vehumet
Wu Jian
Xom
Yredelemnul
Zin
The Shining One
Beogh
Jiyva
Lugonu

Annotations:
D 1 transporter


Innate Abilities, Weirdness & Mutations

You are immune to sickness and miasma.
Your stone body is resilient. (AC +4)
You are immune to poison.
You resist negative energy. (rN+)
You are resistant to electric shocks. (rElec)
You are resistant to unholy torment.
You are immune to petrification.


Message History

Aim: a +0 glaive of protection (46% to hit)
The bolt of acid hits the iron imp!
The iron imp is splashed with acid.
The acid corrodes the iron imp!
The iron imp is almost dead.
The bolt of acid hits the +0 glaive of protection.
The +0 glaive of protection is splashed with acid.
The acid corrodes the +0 glaive of protection!
The +0 glaive of protection is moderately damaged.
You block the quasit's attack.
PTOANNNG!
You block the quasit's attack.
BOUMMMMG!
The quasit completely misses you. The chaos spawn hits you!
You are confused.
The +0 glaive of protection hits you from afar!
* * * LOW HITPOINT WARNING * * *
The iron imp barely misses you.
The quasit bites you but does no damage.
The quasit claws you but does no damage. x2
Unknown command.
You feel much better.
The +0 glaive of protection hits you from afar!
The chaos spawn gores you! The chaos spawn freezes you! You resist.
* * * LOW HITPOINT WARNING * * *
The quasit barely misses you.
The quasit claws you but does no damage. x2
The iron imp hits you but does no damage.
You feel better.
You block the +0 glaive of protection's attack.
BOUMMMMG!
You block the quasit's attack.
PANG!
You block the quasit's attack.
GONNNNG!
The quasit claws you.
* * * LOW HITPOINT WARNING * * *
You feel clumsy.
The chaos spawn gores you but does no damage.
The +0 glaive of protection hits you from afar!
You die...

▓▓▓▓▓▓▓▓▓▓▓▓▓▓▓▓▓▓▓
▓.8©8.▓.8©8.▓.8©8.▓
▓.})=.▓.|)=.▓.....▓
▓..)..▓..†..▓.).).▓
▓...(.▓..)..▓.....▓
▓.545.▓.....▓.....▓
▓..@..▓.....▓..©..▓
▓..©..▓..©..▓▓▓▓▓▓▓
▓▓▓▓▓▓▓▓▓▓▓▓▓


You could see a chaos spawn, an iron imp (corroded), a +0 glaive of protection
(corroded) and a quasit.

Vanquished Creatures
  A naga (D)
  2 adders (D)
  2 ball pythons (D)
5 creatures vanquished.

Notes
Turn   | Place    | Note
-------+----------+-------------------------------------------
     0 | D        | mhtbhm the Gargoyle Fighter began the quest for the Orb.
     0 | D        | Reached XP level 1. HP: 14/14 MP: 1/1
     0 | D        | Found a shimmering blue altar of Sif Muna.
     0 | D        | Found a bloodstained altar of Trog.
     0 | D        | Found a sacrificial altar of Ru.
     0 | D        | Found a stormy altar of Qazlal.
     0 | D        | Found an iron altar of Okawaru.
     1 | D        | Found a sparkling altar of Nemelex Xobeh.
     1 | D        | Found a blossoming altar of Fedhas.
     2 | D        | Found the +6 Majin-Bo {vamp, MP+6 Int+6}
     2 | D        | Found the +9 heavy crossbow "Sniper" {vorpal, Acc+∞ SInv}
     2 | D        | Found the +10 dark maul {vorpal}
     2 | D        | Found the +15 Maxwell's patent armour {-Cast -Tele rElec
                  | Will+ rCorr}
     2 | D        | Found the +18 shield of the Gong {rElec rN+ Will+ EV-5}
     2 | D        | Found the +14 obsidian axe {vorpal, Drain Fly SInv}
     2 | D        | Found the +7 great mace "Firestarter" {inner flame, rF++}
     2 | D        | Found the +6 shillelagh "Devastator" {shatter}
     2 | D        | Found the +11 plutonium sword {Contam Stlth-}
     2 | D        | Found the +8 lance "Wyrmbane" {slay drac, rPois rF+ rC+
                  | AC+3}
     2 | D        | Found the +9 sword of Zonguldrok {reap}
     2 | D        | Found the +13 scythe of Curses {drain, Drain}
     2 | D        | Found the +5 sword of Power {vorpal}
     2 | D        | Found the +7 mace of Variability {chain chaos}
     2 | D        | Found the +7 Singing Sword {vorpal, sonic wave}
     2 | D        | Found the +8 storm bow {elec, penet}
     3 | D        | Found a transporter.
     3 | D        | Found an ancient bone altar of Kikubaaqudgha.
     3 | D        | Found a viscous altar of Jiyva.
     3 | D        | Found a corrupted altar of Lugonu.
     3 | D        | Found a hazy altar of Hepliaklqana.
     3 | D        | Found a burning altar of Makhleb.
     3 | D        | Found an opulent altar of Gozag.
    64 | D        | Became a worshipper of Qazlal Stormbringer
    79 | D        | Entered arena 2.
    79 | D        | Found a transporter.
    81 | D        | Reached skill level 4 in Shields
    81 | D        | Reached XP level 2. HP: 20/20 MP: 2/2
    90 | D        | Entered arena 3.
    90 | D        | Noticed a naga
    90 | D        | Found a transporter.
    91 | D        | Reached * piety under Qazlal
    93 | D        | Killed a naga
    94 | D        | Reached skill level 7 in Shields
    94 | D        | Reached skill level 1 in Evocations
    94 | D        | Reached XP level 3. HP: 27/27 MP: 2/5
    94 | D        | Reached XP level 4. HP: 32/32 MP: 2/6
    94 | D        | Reached XP level 5. HP: 36/36 MP: 2/7
   145 | D        | Entered arena 4.
   145 | D        | Noticed a +0 glaive of protection
   145 | D        | Noticed a chaos spawn
   145 | D        | Found a transporter.
   151 | D        | Slain by a +0 glaive of protection

Illustrated notes

Levels and vault maps discovered:
D:        sprint_v [room_start, room_1, room_2, room_3, room_4, room_5, room_6,
          room_7, room_8, room_9, room_10, room_11, room_12, room_13, room_14,
          room_15, room_16, room_17, room_18, room_19, room_20, room_21,
          room_22, room_23, room_24, room_25, room_26, room_27]

Skill      XL: |  1  2 |
---------------+-------+-----
Fighting       | 4 6 |  6.1
Polearms       | 2 |  2.8
Armour         | 4 6 |  6.3
Shields        | 4 7 |  7.3
Invocations    | 3 |  3.4
Evocations     | 1 |  1.0

Action                   |  1- 3 |  4- 6 || total
-------------------------+-------+-------++-------
Melee: Lance             |       |     2 ||     2
Evoke: Wand              |     4 |     2 ||     6
  Use: Potion            |       |     2 ||     2
Armor: Plate armour      |       |    12 ||    12
Dodge: Dodged            |     1 |     3 ||     4
Block: Kite shield       |     1 |    11 ||    12

Table legend: (Time is in decaauts)
 A = Elapsed time spent in this place.
 B = Non-inter-level travel time spent in this place.
 C = Inter-level travel time spent in this place.
 D = Time resting spent in this place.
 E = Time spent auto-exploring this place.
 F = Levels seen in this place.
 G = Mean time per level.
                   A        B        C        D        E       F      G
               +--------+--------+--------+--------+--------+-----+--------+
         Total |    149 |    149 |      0 |     40 |      0 |   1 |  149.0 |
       Dungeon |    149 |    149 |      0 |     40 |      0 |   1 |  149.0 |
               +--------+--------+--------+--------+--------+-----+--------+

Top non-repeatable levels by time:
       D: 149 daAuts
